 Dungeon Crawl Stone Soup version 0.26.0-3-g156281e41b (webtiles) character file.

Game seed: 18267071895759096735

711 jackrogers the Cleaver (level 7, -1/62 HPs)
             Began as a Minotaur Berserker on Jan 9, 2021.
             Was a Priest of Trog.
             Slain by Duvessa
             ... wielding a +4 short sword of protection
              (7 damage)
             ... on level 5 of the Dungeon.
             The game lasted 00:05:37 (5571 turns).

jackrogers the Cleaver (Minotaur Berserker)         Turns: 5571, Time: 00:05:38

Health: -1/62      AC: 12    Str: 23    XL:     7   Next: 40%
Magic:  6/6        EV:  4    Int:  4    God:    Trog [***...]
Gold:   345        SH:  9    Dex: 10    Spells: 6/6 levels left

rFire    . . .     SeeInvis .   a - +0 hand axe
rCold    . . .     Faith    .   m - +2 kite shield
rNeg     . . .     Spirit   .   v - +0 plate armour
rPois    .         Reflect  .   (helmet restricted)
rElec    .         Harm     .   (no cloak)
rCorr    .         Rampage  .   (no gloves)
Will     .....                  o - +0 pair of boots
Stlth    ..........             g - amulet of inaccuracy
HPRegen  0.20/turn              (no ring)
MPRegen  0.10/turn              (no ring)

@: berserk cooldown, slowed, very slow
A: retaliatory headbutt, horns 2
a: Renounce Religion, Berserk, Trog's Hand


You were on level 5 of the Dungeon.
You worshipped Trog.
Trog was most pleased with you.
You visited 1 branch of the dungeon, and saw 5 of its levels.
You also visited: Sewer.

You collected 345 gold pieces.

Inventory:

Hand Weapons
 a - a +0 hand axe (weapon)
Armour
 b - a +0 animal skin
 m - a +2 kite shield (worn)
 o - a +0 pair of boots (worn)
 v - a +0 plate armour (worn)
Jewellery
 c - an uncursed amulet of faith
 g - an amulet of inaccuracy (around neck)
Scrolls
 i - 4 scrolls of teleportation
 k - 2 scrolls of magic mapping
 l - a scroll of remove curse
 n - 2 scrolls of identify
 s - a scroll of vulnerability {unknown}
 t - a scroll of enchant weapon {unknown}
 u - a scroll of random uselessness {unknown}
Potions
 d - 2 potions of might
 e - 4 potions of heal wounds
 f - a potion of invisibility {unknown}
 h - 2 potions of curing
 j - 2 potions of magic {unknown}
 p - a potion of ambrosia {unknown}
 q - 3 potions of brilliance {unknown}
 r - a potion of attraction {unknown}


   Skills:
 - Level 5.8 Fighting
 + Level 8.6 Axes
 - Level 3.1 Armour
 - Level 3.5 Dodging
 - Level 0.3 Stealth


You had 6 spell levels left.
You didn't know any spells.
Your spell library was empty.

Dungeon Overview and Level Annotations

Branches:
Dungeon (5/15)              Sewer (visited)
 Temple: D:4-7

Altars:
Elyvilon
Fedhas
Gozag
Hepliaklqana
Makhleb
Okawaru
Qazlal
Zin
The Shining One

Annotations:
D:5 Duvessa


Innate Abilities, Weirdness & Mutations

You reflexively headbutt those who attack you in melee.
You have a pair of horns on your head.


Message History

Duvessa hits you with a +4 short sword of protection.
You hit Duvessa. You headbutt Duvessa!
Duvessa is almost dead.
Duvessa hits you with a +4 short sword of protection. x2
* * * LOW HITPOINT WARNING * * *
You closely miss Duvessa.
Duvessa is almost dead.
You feel sick.
You are no longer poisoned.
You block Duvessa's attack.
Duvessa hits you with a +4 short sword of protection.
* * * LOW HITPOINT WARNING * * *
Duvessa hits you but does no damage.
You hit Duvessa but do no damage.
Duvessa is almost dead.
Duvessa hits you with a +4 short sword of protection.
* * * LOW HITPOINT WARNING * * *
You block Duvessa's attack.
Duvessa hits you with a +4 short sword of protection!
You die...

#.....# #.....#
#.....# #.....#
#...... #.....#
#...).#### #...)@...#
#..._e##.########
###...#....##...#
#..##....#..#.# #.#
#.......#.######
..#.................
................#####
....................##
......#+#...###.#...


You could see Duvessa (berserk, fast).

Vanquished Creatures
  Sigmund (D:2)
  An ogre (D:4)
  Dowan (D:5)
  2 howler monkeys
  3 hounds
  Jessica (D:3)
  Ijyb (D:5)
  A hound skeleton (D:4)
  Robin (D:2)
  5 adders
  3 river rats (Sewer)
  An ooze (D:1)
  3 worms
  3 dart slugs
  A leopard gecko (D:2)
  5 orcs
  5 ball pythons
  6 giant cockroaches
  22 goblins
  11 hobgoblins
  2 jackals (D:4)
  2 quokkas
  5 bats (D:3)
  7 frilled lizards
  4 kobolds
  A leopard gecko skeleton (D:4)
  12 rats
110 creatures vanquished.

Notes
Turn   | Place    | Note
-------+----------+-------------------------------------------
     0 | D:1      | jackrogers the Minotaur Berserker began the quest for the
                  | Orb.
     0 | D:1      | Reached XP level 1. HP: 19/19 MP: 0/0
   140 | D:1      | Reached XP level 2. HP: 27/27 MP: 1/1
   179 | D:1      | Reached skill level 4 in Axes
  1299 | D:2      | Noticed Sigmund
  1310 | D:2      | Killed Sigmund
  1311 | D:2      | Reached skill level 5 in Fighting
  1311 | D:2      | Reached skill level 5 in Axes
  1311 | D:2      | Reached XP level 3. HP: 31/36 MP: 2/2
  1311 | D:2      | Reached XP level 4. HP: 37/42 MP: 3/3
  1311 | D:2      | Reached XP level 5. HP: 42/48 MP: 4/4
  1488 | D:2      | Found a stormy altar of Qazlal.
  1494 | D:2      | Found a blossoming altar of Fedhas.
  1731 | D:2      | Found a burning altar of Makhleb.
  1950 | D:2      | Reached ** piety under Trog
  2218 | D:2      | Noticed Robin
  2242 | D:2      | Killed Robin
  2478 | D:2      | Found a hazy altar of Hepliaklqana.
  2493 | D:2      | Found a glowing silver altar of Zin.
  2504 | D:2      | Found a white marble altar of Elyvilon.
  2885 | D:3      | Reached XP level 6. HP: 44/57 MP: 5/5
  3206 | D:3      | Found a glowing drain.
  3220 | Sewer    | Entered a sewer
  3337 | Sewer    | Reached skill level 6 in Axes
  3566 | Sewer    | Reached *** piety under Trog
  4115 | D:3      | Noticed Jessica
  4126 | D:3      | Killed Jessica
  4160 | D:3      | Found a glowing golden altar of the Shining One.
  4847 | D:4      | Reached skill level 7 in Axes
  4865 | D:4      | Reached XP level 7. HP: 33/62 MP: 6/6
  5310 | D:5      | Entered Level 5 of the Dungeon
  5320 | D:5      | Reached skill level 8 in Axes
  5329 | D:5      | Found an iron altar of Okawaru.
  5542 | D:5      | Noticed Ijyb
  5543 | D:5      | Noticed Duvessa
  5543 | D:5      | Noticed Dowan
  5544 | D:5      | Found an opulent altar of Gozag.
  5559 | D:5      | Killed Dowan
  5561 | D:5      | Killed Ijyb
  5571 | D:5      | Slain by Duvessa

Illustrated notes

Levels and vault maps discovered:
D:1:      saegor_arrival_miasma, layout_basic, serial_park_tiny_2
D:2:      kennysheep_the_goblin_king, layout_basic,
          grunt_temple_overflow_forces_of_nature,
          minmay_overflow_temple_star_quad, minmay_misc_feat_alley,
          makhleb_blood_cavern_becter, uniq_robin, uniq_sigmund
D:3:      layout_basic, lemuel_doored_altar, portal_sewer_entry_a, uniq_jessica
D:4:      layout_rooms
D:5:      layout_rooms, kennysheep_mini, okawaru_trees_2,
          nicolae_gozag_seed_capital, uniq_duvessa, uniq_ijyb

Skill      XL: |  1  2  3  4  5  6  7 |
---------------+----------------------+-----
Fighting       | 5 |  5.8
Axes           | 5 7 8 |  8.6
Dodging        | 3 |  3.5
Armour         | 3 |  3.1
Stealth        | |  0.3

Action                   |  1- 3 |  4- 6 |  7- 9 || total
-------------------------+-------+-------+-------++-------
Melee: Hand axe          |    36 |   226 |    37 ||   299
       Headbutt          |     8 |    33 |     8 ||    49
Invok: Berserk           |     1 |     2 |     1 ||     4
  Use: Potion            |     1 |       |       ||     1
       Scroll            |       |     6 |       ||     6
 Stab: Sleeping          |       |     2 |       ||     2
Armor: Animal skin       |     1 |    34 |     2 ||    37
       Plate armour      |       |       |    14 ||    14
Dodge: Dodged            |    19 |   113 |    11 ||   143
Block: Kite shield       |       |    30 |    16 ||    46
